 Dungeon Crawl Stone Soup version 0.27-a0-668-gb5737ff2c0 (webtiles) character file.

Game seed: 1509984222599843757

1572 sanka the Nimble (level 8, -4/58 HPs)
             Began as a Vampire Berserker on Mar 17, 2021.
             Was a Priest of Trog.
             Slain by Maggie
             ... wielding a +2 vorpal morningstar
              (14 damage)
             ... on level 6 of the Dungeon.
             The game lasted 00:09:02 (5263 turns).

sanka the Nimble (Vampire Berserker)                Turns: 5263, Time: 00:09:03

Health: -4/58      AC:  9    Str: 16    XL:     8   Next: 59%
Magic:  8/8        EV: 15    Int:  9    God:    Trog [***...]
Gold:   248        SH:  0    Dex: 16    Spells: 7/7 levels left

rFire    . . .     SeeInvis +   a - +0 falchion
rCold    . . .     Faith    .   (no shield)
rNeg     . . .     Spirit   .   s - +0 ring mail
rPois    .         Reflect  .   (no helmet)
rElec    .         Harm     .   h - +0 cloak
rCorr    +         Rampage  .   k - +2 pair of gloves
Will     .....                  (no boots)
Stlth    +.........             (no amulet)
HPRegen  0.39/turn              g - ring of resist corrosion
MPRegen  0.11/turn              (no ring)

@: mesmerised, regenerating quickly
A: alive, fangs 3, see invisible, unbreathing 1, vampiric 2
a: Exsanguinate, Renounce Religion, Trog's Hand


You were on level 6 of the Dungeon.
You worshipped Trog.
Trog was most pleased with you.
You visited 1 branch of the dungeon, and saw 6 of its levels.

You collected 248 gold pieces.


Innate Abilities, Weirdness & Mutations

Your natural rate of healing is unusually fast.
You have razor-sharp teeth.
You have supernaturally acute eyesight. (SInv)
You can survive without breathing.
You are afflicted with vampirism and can become a bat while bloodless.


   Skills:
 - Level 3.0 Fighting
 - Level 8.0 Long Blades
 - Level 1.5 Armour
 + Level 8.9 Dodging


You had 7 spell levels left.
You didn't know any spells.
Your spell library was empty.

Inventory:

Hand Weapons
 a - a +0 falchion (weapon)
Armour
 h - a +0 cloak (worn)
 k - a +2 pair of gloves (worn)
 s - a +0 ring mail (worn)
Jewellery
 g - a ring of resist corrosion (right hand)
Scrolls
 f - a scroll of teleportation {unknown}
 i - 5 scrolls of identify {unknown}
 j - 2 scrolls of fog {unknown}
 m - a scroll of silence {unknown}
 r - 2 scrolls of enchant weapon {unknown}
 u - a scroll of blinking {unknown}
 v - a scroll of enchant armour {unknown}
Potions
 b - a potion of flight
 c - 2 potions of haste {@q3}
 d - a potion of cancellation {unknown}
 e - a potion of attraction {unknown}
 l - a potion of ambrosia {unknown}
 o - a potion of heal wounds {unknown}
 p - a potion of invisibility {unknown}
 q - a potion of resistance {unknown}
 t - a potion of mutation {unknown}

Dungeon Overview and Level Annotations

Branches:
Dungeon (6/15)
 Temple: D:4-7

Altars:
Qazlal
Ru

Annotations:
D:5 Dowan, Duvessa
D:6 Maggie

▒▒▒▒▒▒...........▒
▒▒▒▒▒▒...........+ ....
▒................▒ ....
▒.▒▒▒.▒▒▒▒▒▒▒..▒▒▒ .....
▒.▒ ▒.▒ ▒..▒▒▒▒..... ▒▒▒▒.▒
▒.▒▒▒▒▒▒▒........... ▒....▒
▒.........▒.........
▒.▒..▒▒▒...................
..(>.▒▒.........V@.........
...▒.▒▒..▒▒..▒▒▒▒▒▒.......▒
.▒...▒▒..▒...▒............▒
.........▒.......▒▒▒.......
.....<...▒.....▒▒▒▒▒.......
.........▒.....▒..........(
.........▒▒..........▒.....
.........▒.......▒▒▒▒▒▒▒▒▒.
.........▒.....▒▒▒▒▒▒▒▒


You could see Maggie (mesmerising).


Message History

You hit Maggie. You bite Maggie.
Maggie is almost dead.
Unknown command.
You closely miss Maggie.
Maggie is almost dead.
You float gracefully downwards.
Maggie gestures at you while chanting. The bolt of fire hits you.
* * * LOW HITPOINT WARNING * * *
You hit Maggie but do no damage.
Maggie is almost dead.
Maggie hits you with a +2 vorpal morningstar!
* * * LOW HITPOINT WARNING * * *
* * * LOW HITPOINT WARNING * * *
You closely miss Maggie.
Maggie is almost dead.
Your skin stops crawling.
You feel less strong-willed. Maggie gestures at you while chanting.
The bolt of fire misses you.
You hit Maggie but do no damage.
Maggie is almost dead.
Maggie mumbles some strange words.
Maggie attempts to bespell you!
You are mesmerised by Maggie!
You hit Maggie but do no damage.
Maggie is almost dead.
Maggie hits you with a +2 vorpal morningstar!
You die...

Action                   |  1- 3 |  4- 6 |  7- 9 || total
-------------------------+-------+-------+-------++-------
Melee: Falchion          |   123 |   218 |   180 ||   521
       Bite              |    15 |    28 |    25 ||    68
Invok: Trog's Hand       |       |     1 |     2 ||     3
  Use: Potion            |       |       |     4 ||     4
 Stab: Sleeping          |     1 |       |       ||     1
Armor: Animal skin       |     8 |       |       ||     8
       Scale mail        |     7 |    91 |    28 ||   126
       Ring mail         |       |       |    16 ||    16
Dodge: Dodged            |    80 |   109 |   101 ||   290
       Rpst.: Falchion   |    24 |    35 |    39 ||    98

Levels and vault maps discovered:
D:1:      minmay_arrival_open_corners, layout_basic,
          wander_ebering_terrifying_dragon_lair
D:2:      layout_basic
D:3:      layout_loops_ring, nicolae_qazlal_eye_of_the_storm
D:4:      layout_rooms
D:5:      layout_gridville, uniq_grinder, uniq_duvessa
D:6:      layout_basic, lemuel_crystal_altar, enter_ossuary_3, uniq_maggie

Notes
Turn   | Place    | Note
-------+----------+-------------------------------------------
     0 | D:1      | sanka the Vampire Berserker began the quest for the Orb.
     0 | D:1      | Reached XP level 1. HP: 17/17 MP: 1/1
   105 | D:1      | Reached skill level 3 in Fighting
   123 | D:1      | Reached XP level 2. HP: 8/24 MP: 2/2
   396 | D:1      | Reached ** piety under Trog
   551 | D:1      | Reached skill level 4 in Long Blades
   551 | D:1      | Gained mutation: You are afflicted with vampirism and can
                  | become a bat while bloodless. [Vampire growth]
   551 | D:1      | Reached XP level 3. HP: 28/29 MP: 3/3
  1426 | D:2      | Reached XP level 4. HP: 30/35 MP: 4/4
  1906 | D:2      | Reached skill level 5 in Long Blades
  2075 | D:3      | Found a stormy altar of Qazlal.
  2215 | D:3      | Reached *** piety under Trog
  2221 | D:3      | Reached XP level 5. HP: 9/41 MP: 5/5
  2817 | D:3      | Reached skill level 6 in Long Blades
  2957 | D:4      | Noticed a phantom
  2962 | D:4      | Noticed a phantom
  2993 | D:3      | Killed a phantom
  2994 | D:3      | Reached XP level 6. HP: 39/47 MP: 6/6
  3050 | D:4      | Reached skill level 7 in Long Blades
  3594 | D:5      | Entered Level 5 of the Dungeon
  3594 | D:5      | Noticed Duvessa
  3594 | D:5      | Noticed Dowan
  3621 | D:5      | Reached skill level 8 in Long Blades
  3621 | D:5      | Reached XP level 7. HP: 46/52 MP: 7/7
  3674 | D:5      | Reached skill level 3 in Dodging
  3869 | D:5      | Reached skill level 4 in Dodging
  4028 | D:5      | Noticed Grinder
  4039 | D:5      | Paralysed by Grinder for 2 turns
  4055 | D:5      | Killed Grinder
  4056 | D:5      | Reached skill level 5 in Dodging
  4172 | D:5      | Reached skill level 6 in Dodging
  4358 | D:6      | Reached XP level 8. HP: 54/58 MP: 8/8
  4431 | D:6      | Found a sand-covered staircase.
  4498 | D:6      | Found a sacrificial altar of Ru.
  4508 | D:6      | Reached skill level 7 in Dodging
  4512 | D:6      | HP: 3/58 [centaur/arrow (11)]
  4898 | D:6      | Reached skill level 8 in Dodging
  5212 | D:6      | Identified +0 steam dragon scales
  5212 | D:6      | Noticed Maggie
  5263 | D:6      | Slain by Maggie

Vanquished Creatures
  Grinder (D:5)
  3 centaurs
  2 ogres (D:6)
  3 phantoms
  A kobold brigand (D:4)
  2 bullfrogs (D:6)
  A centaur skeleton (D:5)
  3 jellies
  An orc priest (D:3)
  4 hounds
  A bullfrog skeleton (D:6)
  2 orc wizards (D:3)
  An iguana (D:6)
  A hound zombie (D:6)
  3 adders
  A shadow imp (D:6)
  A white imp (D:5)
  4 oozes
  4 worms
  5 dart slugs
  5 leopard geckos
  10 orcs
  5 bats
  2 giant cockroaches
  11 goblins
  6 hobgoblins
  7 jackals
  A quokka (D:3)
  A ball python (D:3)
  7 frilled lizards
  A hobgoblin zombie (D:6)
  A jackal skeleton (D:6)
  8 kobolds
  5 rats
  2 rat zombies (D:6)
116 creatures vanquished.
